 Dungeon Crawl Stone Soup version 0.18-b1-16-g289874d (webtiles) character file.

23171 hannobal the Cleaver (level 13, -23/109 HPs)
             Began as a Naga Artificer on May 1, 2016.
             Was a High Priest of Pakellas.
             Annihilated by a catoblepas (28 damage)
             ... on level 6 of the Lair of Beasts.
             The game lasted 01:25:35 (21870 turns).

hannobal the Cleaver (Naga Artificer)              Turns: 21870, Time: 01:25:36

Health: -23/109    AC: 18    Str: 14    XL:     13   Next: 5%
Magic:  0/16       EV: 10    Int: 16    God:    Pakellas [*****.]
Gold:   350        SH:  0    Dex: 23    Spells: 0 memorised, 12 levels left

rFire  + . .     SeeInvis +     a - +9 battleaxe (flame)
rCold  . . .     Gourm    .     p - +4 ring mail {rF+}
rNeg   . . .     Faith    .     (shield currently unavailable)
rPois  +         Spirit   +     I - +2 helmet {Int+3}
rElec  .         Dismiss  .     H - +0 cloak
rCorr  .         Reflect  .     z - +1 pair of gloves
SustAt .         Harm     .     (no barding)
MR     +....                    x - amulet of guardian spirit
Stlth  ++........               u - +2 ring of dexterity
                                A - +5 ring of dexterity

@: very slow, somewhat resistant to hostile enchantments, unstealthy
A: see invisible, deformed body, deterioration 1, poison resistance, slowness 2,
slow metabolism 1, spit poison 2, constrict 1, AC +4
a: Spit Poison, Quick Charge, Device Surge, Renounce Religion


You were on level 6 of the Lair of Beasts.
You worshipped Pakellas.
Pakellas was extremely pleased with you.
You were not hungry.

You visited 3 branches of the dungeon, and saw 15 of its levels.
You also visited: Ossuary and Ice Cave.

You collected 768 gold pieces.
You spent 418 gold pieces at shops.

Inventory:

Hand Weapons
 a - a +9 battleaxe of flaming (weapon)
 b - the +7 arbalest of Witueggiwar {speed, +Fly MR++ MP-9 Int-3}
   (You found it on level 2 of the Lair of Beasts)

   Attacks with this weapon are significantly faster.
   It affects your intelligence (-3).
   It affects your resistance to hostile enchantments.
   It affects your magic capacity (-9).
   It lets you fly.
 n - a +1 mace of protection
Missiles
 F - 5 javelins (quivered)
 X - 35 bolts
 Z - 27 poisoned needles
Armour
 p - a +4 ring mail of fire resistance (worn)
 z - a +1 pair of gloves (worn)
 H - a +0 cloak (worn)
 I - a +2 helmet of intelligence (worn)
Rods
 w - a +7 rod of ignition (12/12)
   (Pakellas gifted it to you on level 1 of the Lair of Beasts)
Jewellery
 u - a +2 ring of dexterity (right hand)
 x - an amulet of guardian spirit (around neck)
 A - a +5 ring of dexterity (left hand)
 R - an uncursed ring of positive energy
Wands
 c - a wand of flame (4/48)
 d - a wand of enslavement (22/24)
 l - a wand of slowing (27/48)
 o - a wand of iceblast (2/15)
 q - a wand of slowing (16/48)
 v - a wand of iceblast (5/15)
 E - a wand of flame (31/48)
 L - a wand of paralysis (11/24)
 T - a wand of acid (2/15)
 V - a wand of enslavement (20/24)
Scrolls
 i - 4 scrolls of identify
 r - 4 scrolls of remove curse
 y - 3 scrolls of teleportation
 C - 2 scrolls of recharging
Potions
 e - 3 potions of heal wounds
 g - 2 potions of agility
 t - 2 potions of berserk rage
 B - 4 potions of magic
 D - 2 potions of haste
 P - 3 potions of curing
 Q - a potion of resistance
Miscellaneous
 s - a lamp of fire (inert)
 O - a sack of spiders
 W - a stone of tremors
Comestibles
 f - a chunk of flesh
 j - 6 meat rations
 m - 10 bread rations
 N - 8 royal jellies


   Skills:
 - Level 5.0 Fighting
   Level 4.2 Short Blades
 + Level 14.7(15.2) Axes
 - Level 7.2(12.0) Maces & Flails
   Level 1.0 Slings
 - Level 8.1 Crossbows
 - Level 4.0 Armour
 - Level 3.1 Dodging
 - Level 2.0 Stealth
 - Level 5.1 Evocations


You had 12 spell levels left.
You didn't know any spells.

Dungeon Overview and Level Annotations

Branches:
Dungeon (8/15)             Temple (1/1) D:6            Lair (6/8) D:8
 Shoals (0/4) Lair:4
  Snake: Lair:3-6    Spider: Lair:3-6     Slime: Lair:6-8

Altars:
Elyvilon
Gozag
Pakellas
Qazlal
Ru
Sif Muna
Xom
Zin

Shops:
D:5 [

Annotations:
Lair:5 exclusion: 2 oklob plants


Innate Abilities, Weirdness & Mutations

You cannot wear boots.
Your serpentine skin is tough (AC +4).
You have supernaturally acute eyesight.
Armour fits poorly on your strangely shaped body.
Your system is resistant to poisons.
You cover ground very slowly.
You have a slow metabolism.
You can spit poison.
You can use your snake-like lower body to constrict enemies.
Your body sometimes deteriorates upon taking damage.


Message History

You are engulfed in calcifying dust.
The porcupine bites you but does no damage.
The catoblepas breathes a plume of calcifying dust at you.
The blast of calcifying dust hits you!
You turn to flesh and can move again.
Unknown command.
Read which item? (? for menu, Esc to quit)
Okay, then.
You closely miss the porcupine. You hit the plant. You burn the plant.
The plant is heavily damaged.
The helpless spiny frog fails to defend itself.
You hit the spiny frog.
The spiny frog is moderately wounded.
You slash the catoblepas! You burn the catoblepas.
The catoblepas is lightly wounded.
You are engulfed in calcifying dust.
The porcupine bites you.
* * * LOW HITPOINT WARNING * * *
The catoblepas gores you!!
You die...
Pakellas says: Time to start the next experiment...

...... .....
#..P##
##...P####
#.........
.........
##........
#PFY.#..
##.@.#.#.##
#.§r.P.....
##P<.......
##........
......>..
..........
........P..
.........P..
.........P###


You could see a catoblepas, a spiny frog (petrified) and a porcupine.

Vanquished Creatures
  2 hydras (Lair:4)
  Urug (Lair:2)
  4 black mambas
  10 elephants
  3 ice statues (IceCv)
  9 spiny frogs
  3 komodo dragons
  A queen bee (D:8)
  2 boulder beetles
  Eustachio (D:6)
  2 basilisks
  A wraith (Ossuary)
  Menkaure (D:7)
  4 hippogriffs
  6 water moccasins
  The ghost of otab the Cudgeler, an amateur OgBe of Trog (D:3)
  2 hell hounds (D:8)
  10 porcupines
  2 orc warriors
  8 ice beasts
  5 phantoms
  4 sky beasts
  7 ogres
  16 wolves
  2 necrophages
  3 centaurs (D:6)
  2 crocodiles
  Blork the orc (D:4)
  14 giant frogs
  A scorpion (D:5)
  29 killer bees
  A howler monkey (D:4)
  2 crimson imps (D:7)
  A giant frog zombie (D:6)
  A centaur zombie (D:5)
  4 jellies
  4 hounds
  6 orc priests
  A centaur skeleton (D:7)
  A giant frog skeleton (D:7)
  Terence (D:2)
  9 orc wizards
  6 iguanas
  8 worker ants
  A big kobold zombie (Ossuary)
  2 hound skeletons
  3 mummies (Ossuary)
  7 gnolls
  12 adders
  5 river rats (Lair:2)
  3 adder skeletons (D:4)
  3 worms
  A dart slug (D:3)
  3 giant geckos
  45 orcs
  9 giant cockroaches
  4 goblins
  15 hobgoblins
  13 jackals
  6 quokkas
  7 sheep
  3 ball pythons
  A ball python skeleton (D:4)
  6 bats
  A giant gecko skeleton (D:4)
  8 giant newts
  5 goblin zombies (Ossuary)
  A jackal zombie (D:6)
  7 kobolds
  3 kobold zombies (Ossuary)
  A quokka zombie (D:5)
  12 rats
  A plant (Lair:5)
390 creatures vanquished.

Vanquished Creatures (collateral kills)
  An elephant (Lair:4)
1 creature vanquished.

Vanquished Creatures (others)
  A kobold zombie (Ossuary)
  A fungus (Lair:2)
  A plant (Lair:4)
3 creatures vanquished.

Grand Total: 394 creatures vanquished

Notes
Turn   | Place    | Note
--------------------------------------------------------------
     0 | D:1      | hannobal the Naga Artificer began the quest for the Orb.
     0 | D:1      | Reached XP level 1. HP: 18/18 MP: 3/3
   600 | D:1      | Reached XP level 2. HP: 19/25 MP: 4/4
  1265 | D:1      | Reached XP level 3. HP: 30/31 MP: 5/5
  1682 | D:2      | Found a stormy altar of Qazlal.
  1683 | D:2      | Noticed an air elemental
  1685 | D:2      | Noticed a fire elemental
  1685 | D:2      | Noticed an earth elemental
  1685 | D:2      | Noticed a water elemental
  1706 | D:2      | Noticed Terence
  1719 | D:2      | Killed Terence
  1719 | D:2      | Reached XP level 4. HP: 28/39 MP: 6/6
  2233 | D:2      | You fall through a shaft!
  2238 | D:3      | Found a glowing silver altar of Zin.
  2369 | D:3      | Noticed otab's ghost (amateur OgBe)
  2758 | D:2      | Reached XP level 5. HP: 40/45 MP: 7/7
  3768 | D:3      | Reached skill level 1 in Maces & Flails
  3834 | D:3      | Reached XP level 6. HP: 44/52 MP: 8/8
  3883 | D:3      | Found a shimmering altar of Xom.
  4099 | D:3      | HP: 1/52 [otab's ghost (10)]
  4941 | D:4      | Found a sand-covered staircase.
  4946 | Ossuary  | Entered an ossuary
  4946 | Ossuary  | Noticed a wraith
  4946 | Ossuary  | Noticed a wraith
  4946 | Ossuary  | Noticed a wraith
  5424 | Ossuary  | Noticed a wraith
  5440 | Ossuary  | Killed a wraith
  5440 | Ossuary  | Reached XP level 7. HP: 25/60 MP: 9/9
  6004 | D:4      | Reached skill level 5 in Maces & Flails
  6673 | D:4      | Reached XP level 8. HP: 32/67 MP: 10/10
  6989 | D:4      | Found an oddly glowing altar of Pakellas.
  6993 | D:4      | Became a worshipper of Pakellas the Inventive
  7102 | D:4      | Noticed Blork the orc
  7111 | D:4      | Killed Blork the orc
  7187 | D:4      | Reached skill level 1 in Axes
  7322 | D:4      | Reached skill level 1 in Slings
  7558 | D:4      | Reached skill level 2 in Axes
  7685 | D:5      | Entered Level 5 of the Dungeon
  7692 | D:5      | Reached * piety under Pakellas
  7692 | D:5      | Received a gift from Pakellas
  7792 | D:5      | Reached skill level 3 in Axes
  7912 | D:5      | Found a shimmering altar of Xom.
  7958 | D:5      | Reached skill level 4 in Axes
  8152 | D:5      | Found a white marble altar of Elyvilon.
  8214 | D:5      | Found Bomulot's Antique Armour Shoppe.
  8228 | D:5      | Reached skill level 5 in Axes
  8240 | D:5      | Bought a runed ring mail for 88 gold pieces
  8240 | D:5      | Bought a runed helmet for 99 gold pieces
  8330 | D:5      | Reached skill level 6 in Axes
  8330 | D:5      | Reached XP level 9. HP: 57/73 MP: 11/11
  8835 | D:6      | Reached ** piety under Pakellas
  8835 | D:6      | Received a gift from Pakellas
  8995 | D:6      | Noticed Eustachio
  9013 | D:6      | Reached skill level 7 in Axes
  9036 | D:6      | Killed Eustachio
  9153 | D:6      | Found a staircase to the Ecumenical Temple.
  9159 | D:6      | Reached skill level 8 in Axes
  9164 | D:6      | Got an ichor-stained scale mail
  9175 | D:6      | Identified the +1 scale mail of the Orb {MR+ Dex+2} (You took it off an orc on level 6 of the Dungeon)
  9191 | Temple   | Entered the Ecumenical Temple
  9445 | D:6      | Got a translucent scale mail
  9456 | D:6      | Identified the +3 scale mail "Diero" {*Contam rF+ Int+3} (You found it on level 6 of the Dungeon)
  9523 | D:6      | Reached skill level 9 in Axes
 10214 | D:7      | Reached *** piety under Pakellas
 10214 | D:7      | Received a gift from Pakellas
 10237 | D:7      | Reached skill level 10 in Axes
 10239 | D:7      | Reached XP level 10. HP: 80/80 MP: 12/12
 10274 | D:7      | Found a deep blue altar of Sif Muna.
 10493 | D:7      | Found a sacrificial altar of Ru.
 10686 | D:7      | Found an opulent altar of Gozag.
 10728 | D:7      | Noticed Menkaure
 10732 | D:7      | Killed Menkaure
 11420 | D:8      | Reached skill level 11 in Axes
 11457 | D:8      | Reached **** piety under Pakellas
 11457 | D:8      | Received a gift from Pakellas
 11664 | D:8      | Found a staircase to the Lair.
 12617 | Lair:1   | Entered Level 1 of the Lair of Beasts
 13080 | D:8      | Reached skill level 5 in Fighting
 13257 | D:8      | Reached skill level 1 in Armour
 13637 | Lair:1   | Reached ***** piety under Pakellas
 13637 | Lair:1   | Received a gift from Pakellas
 13916 | Lair:1   | Reached skill level 5 in Evocations
 13952 | Lair:1   | Reached XP level 11. HP: 89/94 MP: 14/14
 15780 | Lair:2   | Noticed Urug
 15806 | Lair:2   | Killed Urug
 15806 | Lair:2   | Reached skill level 12 in Axes
 16156 | Lair:2   | Got a translucent arbalest
 16157 | Lair:2   | Identified the +7 arbalest of Witueggiwar {speed, +Fly MR++ MP-9 Int-3} (You found it on level 2 of the Lair of Beasts)
 16325 | Lair:2   | Reached skill level 1 in Crossbows
 17176 | Lair:3   | Found a frozen archway.
 17186 | IceCv    | Entered an ice cave
 17189 | IceCv    | Identified a +4 rod of ignition (10/10) (Pakellas gifted it to you on level 1 of the Lair of Beasts)
 17270 | IceCv    | Identified a scroll of acquirement
 17271 | IceCv    | Got a distressingly furry hat
 17282 | IceCv    | Identified the +0 hat of the Prince {Dex+6} (You acquired it in an ice cave)
 18069 | IceCv    | Reached skill level 13 in Axes
 18227 | IceCv    | Reached XP level 12. HP: 103/103 MP: 15/15
 19337 | Lair:4   | Reached skill level 14 in Axes
 19354 | Lair:4   | Reached skill level 5 in Crossbows
 19554 | Lair:4   | Noticed an eight-headed hydra
 19691 | Lair:4   | Noticed a five-headed hydra
 19698 | Lair:4   | Killed a four-headed hydra
 19746 | Lair:4   | Found a staircase to the Shoals.
 19824 | Lair:4   | Killed an eight-headed hydra
 20719 | Lair:5   | Got a slimy war axe
 20723 | Lair:5   | Identified the +11 war axe of Neurosis {vamp, Str+2 Int-4 Dex+5 SInv} (You found it on level 5 of the Lair of Beasts)
 21168 | Lair:5   | Gained mutation: You can use your snake-like lower body to constrict enemies. [Naga growth]
 21168 | Lair:5   | Reached XP level 13. HP: 83/109 MP: 5/16
 21367 | D:3      | Found a glowing silver altar of Zin.
 21429 | D:3      | Found a shimmering altar of Xom.
 21435 | D:3      | Killed otab's ghost
 21485 | D:5      | Bought a runed helmet for 99 gold pieces
 21559 | D:5      | Gained mutation: Your body sometimes deteriorates upon taking damage. [mutagenic glow]
 21563 | D:5      | Bought a runed scale mail for 88 gold pieces
 21563 | D:5      | Bought a runed leather armour for 44 gold pieces
 21870 | Lair:6   | HP: 5/109 [porcupine (3)]
 21870 | Lair:6   | Annihilated by a catoblepas

Skill      XL: |  1  2  3  4  5  6  7  8  9 10 11 12 |
---------------+-------------------------------------+-----
Stealth        | 2 |  2.0
Dodging        | 2 3 |  3.1
Fighting       | 2 5 |  5.0
Short Blades   | 2 3 4 |  4.2
Maces & Flails | 2 4 6 7 |  7.2
Axes           | 6 10 11 13 14 | 14.7
Slings         | 1 |  1.0
Armour         | 2 4 |  4.0
Evocations     | 5 |  5.1
Crossbows      | 4 8 |  8.1

Action                   |  1- 3 |  4- 6 |  7- 9 | 10-12 | 13-15 || total
-------------------------+-------+-------+-------+-------+-------++-------
Melee: Mace              |    33 |   207 |    67 |       |       ||   307
       Short sword       |     8 |       |       |       |       ||     8
       Dagger            |    54 |    21 |       |       |       ||    75
       Battleaxe         |       |       |   152 |   331 |    12 ||   495
       War axe           |       |       |       |    49 |    14 ||    63
       Constrict         |       |       |       |       |     2 ||     2
 Fire: Hunting sling     |     1 |    29 |   127 |     6 |       ||   163
       Longbow           |       |       |     7 |    71 |       ||    78
       Arbalest          |       |       |       |   108 |       ||   108
Throw: Stone             |     4 |    22 |    11 |     8 |       ||    45
       Javelin           |       |       |       |    12 |       ||    12
Invok: Quick Charge      |       |       |       |     1 |       ||     1
 Abil: Spit Poison       |     9 |    25 |    19 |     5 |       ||    58
Evoke: Wand              |     1 |     3 |    10 |    25 |       ||    39
       Rod               |       |       |       |    12 |       ||    12
       Lamp of fire      |       |       |       |     1 |       ||     1
  Use: Scroll            |     7 |     3 |     6 |    11 |     1 ||    28
       Potion            |     2 |     6 |     5 |     2 |       ||    15
 Stab: Sleeping          |     5 |       |     1 |     1 |       ||     7
       Distracted        |       |       |       |     1 |       ||     1
       Petrified         |       |       |       |       |     1 ||     1
  Eat: Chunk             |     2 |    10 |     7 |    14 |       ||    33
       Beef jerky        |       |       |     2 |     2 |       ||     4
       Bread ration      |       |       |     1 |       |       ||     1
       Fruit             |       |       |       |    11 |       ||    11
       Royal jelly       |       |       |       |     5 |     1 ||     6
       Pizza             |       |       |       |     2 |       ||     2
Armor: Leather armour    |    26 |     3 |       |       |       ||    29
       Ring mail         |       |   118 |   112 |       |    15 ||   245
       Scale mail        |       |       |    12 |   302 |     6 ||   320
Dodge: Dodged            |    58 |   124 |   112 |   228 |     9 ||   531
